 Dungeon Crawl Stone Soup version 0.27.1-33-g824d729ab1 (webtiles) character file.

Game seed: 6287675116749720367

1 Descartes the Conjurer (level 1, 0/7 HPs)
             Began as a Felid Wanderer on Dec 9, 2021.
             Slain by a hobgoblin (4 damage)
             ... on level 1 of the Dungeon.
             The game lasted 00:01:24 (86 turns).

Descartes the Conjurer (Felid Wanderer)               Turns: 86, Time: 00:01:24

Health: 0/7        AC:  1    Str:  7    XL:     1   Next: 16%
Magic:  5/5        EV: 15    Int: 15    God:
Gold:   0          SH:  0    Dex: 14    Spells: 5/6 levels left
                                        Lives:  0   Deaths: 0

rFire    . . .     SeeInvis +   (weapon unavailable)
rCold    . . .     Faith    .   (shield unavailable)
rNeg     . . .     Spirit   .   (armour unavailable)
rPois    .         Reflect  .   (helmet unavailable)
rElec    .         Harm     .   (cloak unavailable)
rCorr    .         Rampage  .   (gloves unavailable)
Will     .....                  (boots unavailable)
Stlth    ++........             (no amulet)
HPRegen  0.02/turn              (no ring)
MPRegen  0.09/turn              (no ring)

@: quick
A: very small, claws 1, fangs 3, see invisible, speed 1, shaggy fur 1, stealthy
paws, no weapons or thrown items, no armour, multi-lived
a: no special abilities


You were on level 1 of the Dungeon.
You visited 1 branch of the dungeon, and saw 1 of its levels.

Inventory:

Missiles
 a - 43 stones


   Skills:
 + Level 0.1 Dodging
 + Level 2.7 Stealth
 + Level 0.0 Unarmed Combat
 - Level 3.0 Spellcasting
 + Level 3.6 Conjurations
 + Level 1.0 Fire Magic


You had 5 spell levels left.
You knew the following spells:

 Your Spells              Type           Power      Damage    Failure   Level
a - Foxfire               Conj/Fire      36%        2x1d5     8%          1

Your spell library contained the following spells:

 Spells                   Type           Power      Damage    Failure   Level
 Magic Dart               Conj           52%        1d5       4%          1
 Conjure Flame            Conj/Fire      9%         6-21      24%         3
 Blink                    Tloc           N/A        N/A       30%         2
 Call Imp                 Summ           2%         N/A       30%         2
 Slow                     Hex            2%         N/A       30%         2
 Mephitic Cloud           Conj/Pois/Air  5%         N/A       36%         3
 Inner Flame              Hex/Fire       3%         N/A       43%         3


Dungeon Overview and Level Annotations

Branches:
Dungeon (1/15)

Altars:


Innate Abilities, Weirdness & Mutations

You have sharp claws.
You have razor-sharp teeth.
You have supernaturally acute eyesight. (SInv)
You cover ground quickly. (Speed+)
You are covered in fur. (AC +1)
Your paws help you pounce on unaware monsters.
You are incapable of wielding weapons or throwing items.
You cannot wear armour.
You gain extra lives every three experience levels.


Message History

There is an open door here.
You open the door.
There is an open door here.
You open the door.
There is an open door here.
Found 25 stones.
a - 43 stones (gained 25)
You open the huge gate.
Found a faded altar of an unknown god.
There is a huge open gate here.
There is a huge open gate here.
There is a huge open gate here.
A rat comes into view.
A frilled lizard comes into view.
Found a scroll labelled NAIMES JIVUM.
A kobold comes into view. It is wielding a +0 short sword.
Found a stone staircase leading down.
A hobgoblin comes into view.
The rat completely misses you.
You completely miss the rat. The rat barely misses you.
You scratch the rat.
You kill the rat!
The frilled lizard hisses angrily.
The kobold shouts!
The hobgoblin shouts!
You scratch the kobold.
You kill the kobold!
The frilled lizard completely misses you.
You scratch the frilled lizard but do no damage.
The frilled lizard completely misses you.
You completely miss the frilled lizard. You bite the frilled lizard.
The frilled lizard is heavily wounded.
The frilled lizard closely misses you. The hobgoblin barely misses you.
You barely miss the frilled lizard.
The frilled lizard is heavily wounded.
The frilled lizard bites you. The hobgoblin hits you.
You miss the frilled lizard.
The frilled lizard is heavily wounded.
The frilled lizard misses you. The hobgoblin hits you.
Ouch! That really hurt!
You die...

##..##..##
##........#
#..........#
....>......
#........#
##........##
#..lg......#
#..@.......#
##).......#
####..##..##
#.........?#
###.#.######.#
#.........##.#
#.#.#####.##.#
#.# #. #.##.#
#.# # #.##.#
#.#


You could see a hobgoblin and a frilled lizard.

Vanquished Creatures
  A kobold (D:1)
  A rat (D:1)
2 creatures vanquished.

Notes
Turn   | Place    | Note
-------+----------+-------------------------------------------
     0 | D:1      | Descartes the Felid Wanderer began the quest for the Orb.
     0 | D:1      | Descartes set off with the following items: ; and the
                  | following spells available to memorise: Magic Dart,
                  | Foxfire, Conjure Flame, Blink, Call Imp, Slow, Mephitic
                  | Cloud, Inner Flame
     0 | D:1      | Reached XP level 1. HP: 7/7 MP: 5/5
     4 | D:1      | Learned a level 1 spell: Foxfire
    48 | D:1      | Found a faded altar of an unknown god.
    86 | D:1      | Slain by a hobgoblin

Illustrated notes

Levels and vault maps discovered:
D:1:      dpeg_arrival_rhombi, layout_loops_ring, serial_bayou,
          serial_bayou_crossing, serial_bayou_lagoon_a, serial_bayou_pond_c,
          serial_bayou_shore_b, hellmonk_ecumenical_altar_heavens_door,
          solitary_fountain, hangedman_abyss_or_decor_stabs, st_stairs_5,
          roderic_lattice_a

Action                   || total
-------------------------++-------
Melee: Unarmed           ||     7
       Bite              ||     1
Dodge: Dodged            ||     7
